 Dungeon Crawl Stone Soup version 0.30-a0-603-g51a0fb1b98 (webtiles) character file.

Game seed: 1992919395837004978

11384 sanka the Nimble (level 11, -7/99 HPs)
             Began as a Demigod Earth Elementalist on Jan 7, 2023.
             Mangled by a slime creature (14 damage)
             ... on level 10 of the Dungeon.
             The game lasted 00:19:12 (10706 turns).

sanka the Nimble (Demigod Earth Elementalist)      Turns: 10706, Time: 00:19:12

Health: -7/99      AC: 10    Str:  9    XL:     11   Next: 24%
Magic:  18/26      EV: 22    Int: 29    God:
Gold:   665        SH:  0    Dex: 14    Spells: 8/14 levels left

rFire   . . .      SeeInvis .    C - +2 dagger (venom)
rCold   . . .      Faith    .    (no shield)
rNeg    . . .      Spirit   .    U - +0 steam dragon scales
rPois   .          Reflect  .    F - +2 helmet
rElec   .          Harm     .    i - +0 cloak
rCorr   .          Rampage  .    c - +0 pair of gloves
Will    +....                    (no boots)
Stlth   ++                       (no amulet)
HPRegen 0.36/turn                s - ring of magical power
MPRegen 0.20/turn                d - +5 ring of evasion

@: no status effects
A: high MP 1, forlorn, divine attributes
a: no special abilities


You were on level 10 of the Dungeon.
You visited 1 branch of the dungeon, and saw 10 of its levels.
You also visited: Bailey.

You collected 665 gold pieces.


Innate Abilities, Weirdness & Mutations

You have an increased reservoir of magic. (+10% MP)
You shall have no god before yourself.
Your divine heritage dramatically boosts your attributes as you level up.


   Skills:
 + Level 10.0 Fighting
 + Level 11.5 Dodging
 - Level 1.7 Stealth
 - Level 2.0 Spellcasting
 - Level 0.8 Transmutations
 - Level 8.0 Earth Magic


You had 8 spell levels left.
You knew the following spells:

 Your Spells              Type           Power      Damage    Failure   Level
x - Stone Arrow           Conj/Erth      52%        3d10      4%          3
z - Sandblast             Erth           98%        2d20      1%          1
N - Passwall              Tmut/Erth      23%        N/A       1%          2

Your spell library contained the following spells:

 Spells                   Type           Power      Damage    Failure   Level
 Apportation              Tloc           4%         N/A       9%          1
 Foxfire                  Conj/Fire      8%         2x1d4     9%          1
 Necrotise                Necr           8%         1d4       9%          1
 Summon Small Mammal      Summ           8%         N/A       9%          1
 Blink                    Tloc           4%         N/A       13%         2
 Ensorcelled Hibernation  Hex/Ice        4%         N/A       13%         2
 Petrify                  Tmut/Erth      28%        N/A       14%         4
 Leda's Liquefaction      Hex/Erth       13%        N/A       16%         4
 Spider Form              Tmut/Pois      5%         N/A       22%         3
 Call Canine Familiar     Summ           2%         N/A       26%         3
 Portal Projectile        Hex/Tloc       4%         N/A       26%         3
 Anguish                  Hex/Necr       1%         N/A       63%         4
 Manifold Assault         Tloc           2%         N/A       63%         4
 Fireball                 Conj/Fire      1%         3d3       93%         5
 Starburst                Conj/Fire      1%         6d3       100%        6
 Storm Form               Tmut/Air       2%         N/A       100%        7

Inventory:

Hand Weapons
 w - a +0 great sword
 C - a +2 dagger of venom (weapon)
 E - a +2 dagger of distortion
Missiles
 I - a throwing net {=f}
Armour
 c - a +0 pair of gloves (worn)
 i - a +0 cloak (worn)
 F - a +2 helmet (worn)
 T - +0 acid dragon scales
 U - +0 steam dragon scales (worn)
Magical Staves
 V - a staff of conjuration {!a}
Jewellery
 d - a +5 ring of evasion (right hand)
 e - a ring of willpower
 g - a ring of positive energy
 s - a ring of magical power (left hand)
 x - a ring of see invisible
 J - a ring of protection from cold
 R - the ring "Kuumy" {rCorr Str+4 Int-5 SInv}

   [ring of see invisible]

   Str:       It affects your strength (+4).
   Int:       It affects your intelligence (-5).
   SInv:      It lets you see invisible.
   rCorr:     It protects you from acid and corrosion.
Wands
 k - a wand of polymorph (10)
 B - a wand of paralysis (11)
 S - a wand of mindburst (9)
Scrolls
 f - 2 scrolls of magic mapping
 m - 2 scrolls of enchant weapon
 o - a scroll of noise {unknown}
 p - 3 scrolls of amnesia
 t - a scroll of acquirement {unknown}
 u - 3 scrolls of teleportation {@r4}
 y - a scroll of torment {unknown}
 z - a scroll of blinking {unknown}
 A - 3 scrolls of enchant armour
 G - 3 scrolls of immolation {!r}
 K - 2 scrolls of fear
 L - a scroll of silence {unknown}
 N - a scroll of brand weapon {unknown}
 P - a scroll of vulnerability {unknown}
 Q - a scroll of poison {!r}
Potions
 a - 3 potions of curing {unknown}
 b - 3 potions of magic
 h - 2 potions of attraction {unknown}
 j - 3 potions of heal wounds {unknown}
 l - 2 potions of brilliance {unknown}
 n - 3 potions of mutation {unknown}
 q - 3 potions of might {unknown}
 r - 2 potions of lignification {unknown}
 v - 2 potions of haste {unknown}
 D - a potion of berserk rage {unknown}
 H - a potion of resistance {unknown}
 M - a potion of degeneration {unknown}
 O - a potion of invisibility

Dungeon Overview and Level Annotations

Branches:
Dungeon (10/15)            Temple (0/1) D:4            Lair (0/5) D:9
    Orc (0/2) D:9          Bailey (visited)

Shops:
D:1 *   D:6 *

Annotations:
D:7 1 runed translucent door, Carabas's ghost, novice TrGl
D:9 1 runed translucent door

. ▒...▒▒▒.......▒..
▒.....▒▒.▒..▒.▒
▒▒▒▒▒.........▒
▒▒▒▒.▒.....
▒▒▒▒..▒.▒...
▒▒.......▒▒.▒
▒▒▒▒▒▒▒▒▒▒..▒..▒▒▒...▒
▒......▒...▒▒.▒▒ ▒.▒▒▒
▒...Jp...▒▒▒▒.▒ ▒)▒
▒...J▒▒▒.▒ ▒.▒ ▒▒)▒
▒.... ▒.▒ ▒.▒▒▒..▒
▒.?.. ... ▒▒.▒▒..▒▒▒▒
▒.... ._..▒..▒▒......
▒.....
.....▒.....▒▒▒▒▒
▒..... ▒▒▒▒▒▒....▒▒
▒..... .........▒
...<.....▒


You could see 2 slime creatures.


Message History

The large slime creature completely misses you.
The slime creature hits you!
Your magical contamination has completely faded away.
The blast of sand hits the slime creature!
You kill the slime creature!
The large slime creature hits you!!
* * * LOW HITPOINT WARNING * * *
A large slime creature splits.
Your Fighting skill increases to level 10!
The blast of sand hits the slime creature!
The slime creature is moderately wounded.
The slime creature hits you!
* * * LOW HITPOINT WARNING * * *
The slime creature barely misses you.
The blast of sand hits the slime creature!
The slime creature is heavily wounded.
The slime creature completely misses you.
The slime creature hits you!
* * * LOW HITPOINT WARNING * * *
The slime creature closely misses you.
The slime creature hits you but does no damage.
The blast of sand hits the slime creature!!
The slime creature is almost dead.
The slime creature closely misses you. The slime creature hits you!
* * * LOW HITPOINT WARNING * * *
The blast of sand hits the slime creature!
The slime creature is almost dead.
The slime creature hits you!
You die...

Action                   |  1- 3 |  4- 6 |  7- 9 | 10-12 || total
-------------------------+-------+-------+-------+-------++-------
 Cast: Sandblast         |    58 |    61 |   199 |   229 ||   547
       Stone Arrow       |       |       |       |     7 ||     7
  Use: Scroll            |       |       |     5 |     4 ||     9
Armor: Robe              |     4 |     2 |     9 |     6 ||    21
       Steam dragon scal |       |       |       |    23 ||    23
Dodge: Dodged            |    16 |    25 |   112 |   184 ||   337

Levels and vault maps discovered:
D:1:      doesnt_arrival_eight_statues, layout_basic, serial_shops,
          nicolae_lakefront_shop
D:2:      wad_woods_tower, layout_basic, basic_ecumenical_altar, serial_glass,
          glass_columns_a, glass_columns_b
D:3:      layout_loops_ring
D:4:      layout_layer_cave, minmay_temple_entry_junction, uniq_grinder
D:5:      layout_rooms, mainiacjoe_overflow_concentric_impassable, uniq_duvessa
D:6:      minmay_chambers_of_fours, layout_loops_cross, serial_shops,
          nicolae_shop_behind_doors
D:7:      layout_layer_cave, overflow_temple_1_default,
          ebering_ghost_reflecting_pool, kennysheep_generic_room_9
D:8:      layout_rooms, mainiacjoe_overflow_paths, enter_bailey_3,
          chequers_hall_statues_wall_a, uniq_maggie, uniq_grum
D:9:      minmay_gate_of_8, layout_loops_ring, grunt_lair_entry_orc_guard_hut,
          hiddenorc1_lemuel, uniq_maurice
D:10:     layout_rooms, mainiacjoe_overflow_alcove_1,
          mainiacjoe_overflow_alcove_2, uniq_nergalle

Notes
Turn   | Place    | Note
-------+----------+-------------------------------------------
     0 | D:1      | sanka the Demigod Earth Elementalist began the quest for
                  | the Orb.
     0 | D:1      | Reached XP level 1. HP: 14/14 MP: 5/5
    81 | D:1      | Reached skill level 2 in Spellcasting
   173 | D:1      | Reached skill level 3 in Earth Magic
   245 | D:1      | Reached XP level 2. HP: 20/20 MP: 4/7
   296 | D:1      | Found Lihacoc's Assorted Antiques.
  1069 | D:2      | Reached XP level 3. HP: 23/26 MP: 3/8
  1131 | D:2      | Reached skill level 4 in Earth Magic
  1845 | D:2      | Reached XP level 4. HP: 32/33 MP: 9/9
  2094 | D:3      | Reached skill level 5 in Earth Magic
  2160 | D:3      | Reached XP level 5. HP: 38/38 MP: 10/10
  2358 | D:3      | Reached skill level 6 in Earth Magic
  2799 | D:4      | Noticed Grinder
  2859 | D:4      | Killed Grinder
  2860 | D:4      | Reached skill level 7 in Earth Magic
  2860 | D:4      | Reached XP level 6. HP: 25/45 MP: 5/11
  3217 | D:4      | Found a staircase to the Ecumenical Temple.
  3414 | D:4      | Reached XP level 7. HP: 50/50 MP: 13/13
  4304 | D:5      | Entered Level 5 of the Dungeon
  4312 | D:5      | Reached skill level 8 in Earth Magic
  4361 | D:5      | Reached skill level 2 in Dodging
  4373 | D:5      | Reached skill level 1 in Fighting
  4579 | D:5      | Noticed Duvessa
  4580 | D:5      | Noticed Dowan
  4593 | D:5      | Killed Duvessa
  4594 | D:5      | Reached skill level 2 in Fighting
  4594 | D:5      | Reached skill level 3 in Dodging
  4594 | D:5      | Killed Dowan
  4694 | D:5      | Reached skill level 3 in Fighting
  5097 | D:6      | Found Siclyrav's General Store.
  5139 | D:6      | Reached XP level 8. HP: 61/63 MP: 14/14
  5176 | D:6      | Reached skill level 4 in Dodging
  5311 | D:6      | Learned a level 2 spell: Passwall
  5315 | D:6      | Learned a level 3 spell: Stone Arrow
  5359 | D:6      | Reached skill level 4 in Fighting
  5420 | D:6      | Reached skill level 5 in Dodging
  5470 | D:6      | Reached skill level 5 in Fighting
  5767 | D:6      | Reached skill level 6 in Dodging
  5784 | D:6      | Noticed a cyclops
  5804 | D:6      | Reached XP level 9. HP: 72/75 MP: 15/15
  5817 | D:6      | Killed a cyclops
  5818 | D:6      | Reached skill level 6 in Fighting
  6224 | D:7      | Reached skill level 7 in Dodging
  6414 | D:7      | Reached skill level 7 in Fighting
  6527 | D:7      | Found a runed translucent door.
  6533 | D:7      | Noticed Carabas's ghost (novice TrGl)
  7215 | D:8      | Identified the ring "Kuumy" {rCorr Str+4 Int-5 SInv}
  7252 | D:8      | Noticed Grum
  7269 | D:8      | Reached skill level 8 in Dodging
  7441 | D:8      | Reached skill level 8 in Fighting
  7457 | D:8      | Identified +0 acid dragon scales
  7457 | D:8      | Noticed Maggie
  7461 | D:8      | Paralysed by Maggie for 4 turns
  7468 | D:8      | Killed Maggie
  7469 | D:8      | Reached XP level 10. HP: 68/88 MP: 16/16
  7485 | D:8      | Found a flagged portal.
  7555 | Bailey   | Entered a bailey
  7766 | Bailey   | Reached skill level 9 in Dodging
  7879 | Bailey   | Noticed an orc knight
  7880 | Bailey   | Identified a +0 crystal plate armour
  7883 | Bailey   | Killed an orc knight
  8076 | Bailey   | Identified a +2 crystal plate armour
  8532 | D:9      | Reached skill level 10 in Dodging
  8865 | D:9      | Found a staircase to the Orcish Mines.
  8903 | D:9      | Found a staircase to the Lair.
  9018 | D:9      | Noticed a boulder beetle
  9018 | D:9      | Noticed a centaur warrior
  9018 | D:9      | Noticed a centaur warrior
  9019 | D:9      | Found a runed translucent door.
  9021 | D:9      | Noticed a tengu warrior
  9021 | D:9      | Noticed a cyclops
  9021 | D:9      | Noticed a cyclops
  9021 | D:9      | Noticed a wolf spider
  9104 | D:9      | Noticed a two-headed ogre
  9106 | D:9      | Killed a two-headed ogre
  9325 | D:9      | Noticed Maurice
  9330 | D:9      | Killed Maurice
  9619 | D:9      | Reached skill level 9 in Fighting
  9719 | D:9      | Identified +0 steam dragon scales
  9932 | D:10     | Entered Level 10 of the Dungeon
  9961 | D:10     | Identified +0 acid dragon scales
 10134 | D:10     | Reached skill level 11 in Dodging
 10139 | D:10     | Reached XP level 11. HP: 76/97 MP: 13/17
 10324 | D:10     | Noticed Nergalle
 10355 | D:10     | Killed Nergalle
 10703 | D:10     | Reached skill level 10 in Fighting
 10705 | D:10     | HP: 6/99 [slime creature (14)]
 10706 | D:10     | Mangled by a slime creature

Vanquished Creatures
  A two-headed ogre (D:9)
  Nergalle (D:10)
  An orc knight (Bailey)
  A cyclops (D:6)
  Maurice (D:9)
  Maggie (D:8)
  A komodo dragon (D:9)
  Grinder (D:4)
  2 slime creatures (D:10)
  2 wyverns
  10 yaks (D:10)
  3 steam dragons
  An acid dragon (D:10)
  2 water moccasins (D:6)
  Duvessa (D:5)
  2 ice beasts
  11 orc warriors
  3 sky beasts
  4 wolves
  3 centaurs
  2 phantoms
  A kobold brigand (D:6)
  A necrophage (D:3)
  5 bullfrogs
  2 gnoll sergeants (D:9)
  6 scorpions
  14 wights
  Dowan (D:5)
  10 killer bees
  3 hounds
  3 jellies
  3 gnoll boudas
  5 orc priests
  6 orc wizards
  6 iguanas
  29 gnolls
  8 adders
  4 white imps
  3 worms
  3 dart slugs
  62 orcs
  6 ball pythons
  6 endoplasms
  6 giant cockroaches
  5 hobgoblins
  7 quokkas
  8 bats
  3 frilled lizards
  11 goblins
  8 kobolds
  4 rats
293 creatures vanquished.

Vanquished Creatures (others)
  16 fungi (D:9)
  29 plants
45 creatures vanquished.

Grand Total: 338 creatures vanquished
